[Event "*** Titled Tuesday 3|2 Blitz"]
[Site "Chess.com"]
[Date "2016.06.07"]
[Round "1"]
[White "OldweakGM"]
[Black "GianmarcoVaR"]
[Result "1-0"]
[WhiteElo "2602"]
[BlackElo "2330"]
[TimeControl "180+2"]
[EndTime "11:08:51 PDT"]
[Termination "OldweakGM won by resignation"]

1. Nf3 Nf6 2. c4 b6 3. d4 Bb7 4. Nc3 e6 5. a3 d5 6. Bg5 Be7 7. Qa4+ Qd7 8. Qc2 O-O 9. e3 h6 10. Bxf6 Bxf6 11. cxd5 exd5 12. Bd3 Re8 13. O-O Ba6 14.
Bh7+ Kh8 15. Bf5 Qd6 16. Rfe1 g6 17. Bd3 Bg7 18. Bxa6 Nxa6 19. Qa4 b5 20. Qxb5 Rab8 21. Qxd5 Qxd5 22. Nxd5 Rxb2 23. Rac1 c5 24. dxc5 Rb5 25. g3 Rd8 26. Nc3 Rxc5 27. Ne4 Ra5 28. Red1 Rxd1+ 29. Rxd1 Rxa3 30. Rd8+ Kh7 31. Rd7 Kg8 32. Rxa7 Ra1+ 33.
Kg2 Nb4 34. Rxa1 Bxa1 35. Nfd2 Bg7 36. Kf3 Nd3 37. Ke2 Nb4 38. g4 Nd5 39. h4 Ne7 40. Ng3 Bf6 41. h5 Kg7 42. f4 Bc3 43. Nde4 Bb2 44.
hxg6 fxg6 45. Kf3 Ba1 46. Nc5 Bb2 47. e4 Ba1 48. e5 Bb2 49. Nd3 Ba1 50. Ke4 Kf7 51. f5 gxf5+ 52. Nxf5 Ng6 53. Nxh6+ Ke6 54.
Nc5+ Ke7 55. Nf5+ Kf7 56. Nd3 Ke6 57. Nd4+ Ke7 58. Nf3 Ke6 59. Nf4+ Nxf4 60. Kxf4 Bb2 61. Ke4 Ba1 62. g5 Bb2 63. g6 Ke7 64. Kf5 Bc1 65. Nd4 Bh6 66. Ke4 Bg5 67. Nf5+ Ke8 68. e6 Bf6 69. g7 Bxg7 70. Nxg7+ Kf8 71. Nf5 1-0

[Event "*** Titled Tuesday 3|2 Blitz"]
[Site "Chess.com"]
[Date "2016.06.07"]
[Round "1"]
[White "VSERGUEI"]
[Black "alturas_pacificas"]
[Result "1/2-1/2"]
[WhiteElo "2495"]
[BlackElo "2171"]
[TimeControl "180+2"]
[EndTime "11:09:03 PDT"]
[Termination "Game drawn by repetition"]

1. d4 d5 2. c4 c6 3. cxd5 cxd5 4. Bf4 Nc6 5. e3 Nf6 6. Nc3 e6 7. Bd3 Bd6 8. Bxd6 Qxd6 9. f4 a6 10. Nf3 b5 11. O-O Bb7 12. Ne5 Rc8 13. Qf3 Na5 14. Rae1 b4 15. Na4 Ne4 16. Qh3 Nc4 17. Bxe4 dxe4 18. Nc5 Bd5 19. Nxc4 Bxc4 20. Rc1 Bxf1 21.
Nxe4 Rxc1 22. Nxd6+ Kd7 23. Nxf7 Rhc8 24. d5 Bc4+ 25.
Kf2 Bxd5 26. Ne5+ Kd6 27. Nf3 R8c2+ 28. Kg3 Bxf3 29. Kxf3 Rxb2 30. Qh4 Rcc2 31. Qd8+ Kc6 32. Qc8+ Kb6 33. Qxe6+ Ka5 34. Qe5+ Ka4 35. Qe8+ Ka3 36. Qa8 Rxa2 37. Qxa6+ Kb2 38. Qb7 b3 39. Qxg7+ Kb1 40. Qxh7 b2 41. Qd3 Ra7 42. f5 Rc7 43. g4 Ka2 44.
Qd5+ Ka3 45. Qa5+ Kb3 46. Qb6+ Ka3 47. Qa5+ Kb3 48. Qb6+ Ka3 49. Qa5+ Kb3 50. Qb6+ Ka3 1/2-1/2

[Event "*** Titled Tuesday 3|2 Blitz"]
[Site "Chess.com"]
[Date "2016.06.07"]
[Round "1"]
[White "Cruel_Yaro"]
[Black "annakantane"]
[Result "1-0"]
[WhiteElo "2552"]
[BlackElo "2189"]
[TimeControl "180+2"]
[EndTime "11:09:04 PDT"]
[Termination "Cruel_Yaro won by resignation"]

1. d4 Nf6 2. c4 c5 3. d5 e6 4. Nc3 exd5 5. cxd5 d6 6. Nf3 g6 7. Bf4 a6 8. a4 Bg7 9. e3 O-O 10. h3 Re8 11. Bd3 Nbd7 12. O-O Nh5 13. Bxd6 Qb6 14. Bh2 Qxb2 15. Ne4 Qxa1 16. Qxa1 Bxa1 17. Rxa1 Ndf6 18. Nd6 Rd8 19. e4 b6 20. g4 Ng7 21. Nc4 Nd7 22. Bc7 Re8 23. Bxb6 Rb8 24. a5 Bb7 25. Bc7 Rbc8 26.
Bg3 f5 27. gxf5 gxf5 28. exf5 Bxd5 29. Nfd2 Rf8 30. Nd6 Rb8 31. N2c4 Rb3 32. Rd1 Bc6 33. Bc2 Rc3 34. Bb1 Bb5 35. Ne3 Nh5 36. Ba2+ Kh8 37. Bh2 Nhf6 38. Be6 Ra3 39. Nxb5 axb5 40. Bxd7 Nxd7 41. Rxd7 c4 42. Be5+ Kg8 43. Rg7+ Kh8 44. Rg5+ 1-0

[Event "*** Titled Tuesday 3|2 Blitz"]
[Site "Chess.com"]
[Date "2016.06.07"]
[Round "1"]
[White "MattyDPerrine"]
[Black "GMHess"]
[Result "0-1"]
[WhiteElo "2244"]
[BlackElo "2559"]
[TimeControl "180+2"]
[EndTime "11:09:06 PDT"]
[Termination "GMHess won on time"]

1. d4 g6 2. c4 Bg7 3. Nf3 c5 4. e3 cxd4 5. exd4 Nf6 6. d5 O-O 7. Nc3 e6 8. dxe6 dxe6 9. Qxd8 Rxd8 10. Bf4 Nc6 11. Be2 b6 12. O-O Ba6 13. Rac1 Nb4 14. Rfd1 Nh5 15. Bd6 Nc6 16. Nb5 Bb7 17. b3 a6 18. Nc3 Nd4 19. Bc7 Nxe2+ 20. Nxe2 Rxd1+ 21. Rxd1 b5 22. c5 Rc8 23. Bb6 Nf6 24. Nf4 h6 25. Ne5 g5 26. Nfd3 Nd5 27. g3 Nxb6 28. cxb6 Rd8 29.
Re1 Rd6 30. Nc5 Rxb6 31. Ned7 Rd6 32. Nxb7 Rxd7 33. Nc5 Rd6 34. Ne4 Rc6 35. Rd1 f5 36. Rd8+ Kf7 37. Nd2 Bc3 38. Nf1 Ke7 39. Ra8 Bd4 40.
a4 bxa4 41. bxa4 f4 42. Kg2 Rc2 43. Rxa6 Rxf2+ 44. Kg1 f3 0-1

[Event "*** Titled Tuesday 3|2 Blitz"]
[Site "Chess.com"]
[Date "2016.06.07"]
[Round "1"]
[White "WanderingPuppet"]
[Black "Keranke"]
[Result "0-1"]
[WhiteElo "2269"]
[BlackElo "2570"]
[TimeControl "180+2"]
[EndTime "11:09:11 PDT"]
[Termination "Keranke won by resignation"]

1. e4 g6 2. d4 Bg7 3. Nc3 d6 4. Bf4 a6 5. Nf3 b5 6. Bd3 Nd7 7. e5 Bb7 8. e6 fxe6 9. Ng5 Nf8 10. Qe2 Qd7 11. O-O-O Nf6 12. Rhe1 Nd5 13. Nxd5 Bxd5 14. Kb1 h6 15. Ne4 Qc6 16. Nc3 Bc4 17. d5 Bxd3 18. Rxd3 Qc4 19. dxe6 Qxf4 20. Nd5 Qc4 21. Qf3 Bf6 22.
Nxf6+ exf6 23. Qxa8+ Ke7 24. Qc8 f5 25. h3 g5 26. b3 Qc5 27. f3 Qc6 28. a3 Ng6 29. Qd7+ Qxd7 30. exd7+ Kxd7 31. a4 Nf4 32. Rd2 b4 33. Rh1 Nh5 34. g4 Nf4 35. h4 fxg4 36. hxg5 g3 37. gxh6 g2 38. Rg1 Rxh6 39. Kb2 Rh3 40.
Rf2 a5 41. Kc1 Rh1 42. Rxg2 Rxg1+ 43. Rxg1 Ne2+ 0-1

[Event "*** Titled Tuesday 3|2 Blitz"]
[Site "Chess.com"]
[Date "2016.06.07"]
[Round "1"]
[White "RamonManon0g"]
[Black "pKiLz5Rn9b"]
[Result "0-1"]
[WhiteElo "2120"]
[BlackElo "2466"]
[TimeControl "180+2"]
[EndTime "11:09:48 PDT"]
[Termination "pKiLz5Rn9b won by resignation"]

1. d4 e6 2. c4 Nf6 3. Bg5 d5 4. cxd5 exd5 5. Qc2 Be7 6. Nc3 O-O 7. e3 b6 8. Bd3 Bb7 9. Bxf6 Bxf6 10. Bxh7+ Kh8 11. Bf5 c5 12. Nge2 Nc6 13. dxc5 bxc5 14. O-O Nb4 15. Qd1 d4 16. Ne4 dxe3 17. fxe3 Qxd1 18. Raxd1 Bxe4 19. Bxe4 Rae8 20. Ng3 Bxb2 21. Rf5 Re5 22. Rxe5 Bxe5 23. a3 Na2 24. Rd5 Re8 25. Bc2 c4 26. Ne4 Kg8 27.
Ng5 Bf6 28. Ne4 Rb8 29. Rc5 c3 30. Kf1 Kf8 31. Ke1 Be7 32. Rc7 Bxa3 33. Rxa7 Nb4 34. Bb3 c2 35. Rxf7+ Ke8 36. Nd6+ Kd8 37. Bxc2 Nxc2+ 38. Kd2 Bxd6 39. Kxc2 Be5 40. Kd3 Rb4 41. h3 Bf6 42. g4 Ke8 43. Ra7 Kf8 44. Ra5 Kf7 45. Rf5 Kg6 46. Rc5 Rb1 47. Ke4 Rh1 48. Rh5 Bg5 49.
Kf3 Rf1+ 50. Ke2 Ra1 51. e4 Ra2+ 52. Kf3 Ra3+ 53. Ke2 Re3+ 54. Kf2 Rxe4 55. h4 Bf6 56.
Kf3 Ra4 57. Rb5 Bxh4 58. Rb6+ Bf6 59. Rb5 Kh6 60. Kg3 Bg5 61. Rb6+ g6 62. Rb8 Bf4+ 0-1

[Event "*** Titled Tuesday 3|2 Blitz"]
[Site "Chess.com"]
[Date "2016.06.07"]
[Round "1"]
[White "eltenedor"]
[Black "Rumpel-VK"]
[Result "0-1"]
[WhiteElo "2051"]
[BlackElo "2442"]
[TimeControl "180+2"]
[EndTime "11:09:59 PDT"]
[Termination "Rumpel-VK won on time"]

1. c4 e5 2. g3 Nc6 3. Bg2 f5 4.
Nc3 Nf6 5. d3 Bb4 6. Bd2 O-O 7.
a3 Bxc3 8. Bxc3 d6 9. Qd2 Kh8 10. O-O-O d5 11. cxd5 Nxd5 12. Nf3 Nxc3 13. Qxc3 Qe7 14.
Kb1 Be6 15. d4 exd4 16. Nxd4 Nxd4 17. Rxd4 c5 18. Rd2 Rab8 19. Rhd1 b5 20. Qe3 b4 21. Bd5 Rb6 22. axb4 cxb4 23. Bb3 f4 24. gxf4 Bf5+ 25.
Bc2 Bxc2+ 26. Rxc2 Qf6 27. Rd4 h6 28. Rc5 Qg6+ 29.
Qd3 Qg1+ 30. Rc1 Qxf2 31. Rc7 Qg1+ 32. Kc2 b3+ 33. Kd2 Qa1 34. Qc3 Rbf6 35. Rdd7 Qb1 36.
Rxg7 Rd6+ 37. Ke3 Re6+ 38. Kd2 Rd6+ 39. Ke3 Re6+ 40. Kf3 Qf1+ 41. Kg3 Qxf4+ 42. Kh3 Qf5+ 43. Rg4+ Ref6 44. Rg7 Qh5+ 0-1

[Event "*** Titled Tuesday 3|2 Blitz"]
[Site "Chess.com"]
[Date "2016.06.07"]
[Round "1"]
[White "vovkcoach"]
[Black "bagge89"]
[Result "1-0"]
[WhiteElo "2496"]
[BlackElo "2153"]
[TimeControl "180+2"]
[EndTime "11:10:05 PDT"]
[Termination "vovkcoach won by resignation"]

1. d4 e6 2. e4 d5 3. Nc3 Nf6 4. e5 Nfd7 5. f4 Be7 6. Nf3 g6 7. Be3 c5 8. Be2 Nc6 9. O-O b6 10. Kh1 Bb7 11. Qd2 a6 12. Rae1 Qc7 13. dxc5 bxc5 14.
Bf2 h5 15. a3 h4 16. h3 d4 17.
Ne4 Ncxe5 18. fxe5 Bxe4 19. Qf4 Bd5 20. Bd3 Qc6 21. Be4 Bxe4 22. Rxe4 g5 23. Qg4 O-O-O 24. Nd2 f5 25. exf6 Nxf6 26. Rxe6 Nxg4 27. Rxc6+ Kd7 28.
Rxa6 Nxf2+ 29. Rxf2 Rhf8 30. Kg1 Bd6 31. Ne4 Bg3 32.
Nxc5+ Kc8 33. Rc6+ Kb8 34. Rxf8 Rxf8 35. Nd7+ Kb7 36.
Rb6+ Ka7 37. Nxf8 Kxb6 38. Ne6 d3 39. cxd3 Kc6 40. Nxg5 Kd5 41. Nf3 Bf4 42. Nxh4 Bc1 43. Nf3 Bxb2 44. a4 Bc3 45. Kf2 Ke6 46. Ke3 Kf5 47. g4+ Kg6 48. Ke4 Kf6 49. h4 Kg6 50. h5+ Kh6 51. d4 Bb4 52. d5 Bd6 53.
Kf5 Kg7 54. Ne5 Bc7 55. g5 Kh7 56. h6 Bd6 57. Ng4 Be7 58. Nf6+ Kh8 59. g6 Bf8 60. g7+ Bxg7 61. hxg7+ Kxg7 62. Ke6 Kf8 63. d6 Kg7 64. d7 Kh6 65. d8=Q 1-0

[Event "*** Titled Tuesday 3|2 Blitz"]
[Site "Chess.com"]
[Date "2016.06.07"]
[Round "1"]
[White "Ksenia_Legenko"]
[Black "dabee"]
[Result "0-1"]
[WhiteElo "2033"]
[BlackElo "2428"]
[TimeControl "180+2"]
[EndTime "11:10:10 PDT"]
[Termination "dabee won by resignation"]

1. d4 e6 2. c4 Nf6 3. g3 d5 4.
Nf3 c5 5. cxd5 Nxd5 6. Bg2 Nc6 7. O-O Be7 8. Nc3 cxd4 9. Nxd4 Nxd4 10. Qxd4 Bf6 11.
Qa4+ Bd7 12. Qb3 Nxc3 13. bxc3 Bc6 14. Bxc6+ bxc6 15. Ba3 Be7 16. Rad1 Qc7 17. Bxe7 Qxe7 18. Qa4 Rc8 19. Rb1 O-O 20. Qa6 Qc5 21. Rfc1 Rb8 22.
Rb7 Rxb7 23. Qxb7 h5 24. h4 Rd8 25. Qb4 Qe5 26. e3 Rd2 27. a4 a5 28. Qc4 c5 29.
Qb5 Qf6 30. Rf1 Qxc3 31. Qe8+ Kh7 32. Qxf7 Qe5 33. Rc1 Ra2 34. Qd7 Qf5 35. Rf1 c4 36. Qc6 Qd5 37. Qe8 c3 38. Qc8 c2 39. Qc3 Qf5 40. Rc1 Qd5 41. Kh2 Qd1 42. Qxa5 Rb2 43. Kg2 Rb1 44. Rxd1 cxd1=Q 45. Qe5 Qd5+ 46. Qxd5 exd5 47.
a5 Ra1 48. a6 Ra5 0-1

[Event "*** Titled Tuesday 3|2 Blitz"]
[Site "Chess.com"]
[Date "2016.06.07"]
[Round "1"]
[White "Er_is_geen_hoop_meer"]
[Black "1stSecond"]
[Result "0-1"]
[WhiteElo "2329"]
[BlackElo "2569"]
[TimeControl "180+2"]
[EndTime "11:10:14 PDT"]
[Termination "1stSecond won by resignation"]

1. b4 Nf6 2. Bb2 d6 3. d4 Nbd7 4. c4 g6 5. Nf3 Bg7 6. g3 O-O 7. Bg2 Nb6 8. Nbd2 a5 9. b5 c6 10. a4 Be6 11. Rc1 c5 12. d5 Bf5 13. O-O Qc8 14.
Re1 Bh3 15. Bh1 h6 16. e4 e5 17. dxe6 Bxe6 18. Qb3 Rd8 19. Rcd1 Qc7 20. e5 dxe5 21.
Bxe5 Qe7 22. Bf4 g5 23. Be5 Rd7 24. Bc3 Qd8 25. Ne5 Rd6 26. Ne4 Nxe4 27. Bxe4 Rxd1 28. Rxd1 Qc7 29. f4 Re8 30. Bxa5 Bxe5 31. Bxb6 Bd4+ 32. Rxd4 Qxb6 33. Rd2 Qa5 34. Qc2 Bxc4 35. fxg5 hxg5 36. Rd1 Qb4 37. Bxb7 Bb3 38. Qf5 Bxd1 39. Qxg5+ Kh7 40. Qf5+ Kg7 41. Qg5+ Kf8 42. Qh6+ Ke7 43. Qg5+ f6 44. Qg7+ Ke6 45. Qc7 Qd4+ 46. Kg2 Qd2+ 47. Kg1 Qd6 48. Qh7 Qe5 49. Bc6 Rd8 50. b6 Bg4 51. Qb1 Rd1+ 52.
Qxd1 Bxd1 53. b7 Qc7 54. a5 c4 55. a6 Qb6+ 56. Kf1 c3 57. Ke1 Bc2 58. h4 Kd6 59. Bf3 Kc7 60. h5 Qxa6 61. h6 Qe6+ 62.
Kf2 Qh3 63. Ke3 Qxh6+ 64. Kd4 Qd2+ 0-1

[Event "*** Titled Tuesday 3|2 Blitz"]
[Site "Chess.com"]
[Date "2016.06.07"]
[Round "1"]
[White "TomsKantans"]
[Black "SmarterChess"]
[Result "1/2-1/2"]
[WhiteElo "2456"]
[BlackElo "2137"]
[TimeControl "180+2"]
[EndTime "11:10:14 PDT"]
[Termination "Game drawn by stalemate"]

1. e4 c6 2. d4 d5 3. Nc3 dxe4 4.
Nxe4 Bf5 5. Ng3 Bg6 6. Nf3 Nd7 7. h4 h6 8. h5 Bh7 9. Bd3 Bxd3 10.
Qxd3 Ngf6 11. Bd2 e6 12. O-O-O Qc7 13. Ne4 O-O-O 14. Rh4 Nxe4 15. Qxe4 Nf6 16. Qe2 Bd6 17. g3 Kb8 18. Kb1 Ka8 19. a3 Rhe8 20. Ne5 Bxe5 21. dxe5 Nd7 22. Rg4 Qxe5 23. Re4 Qf5 24. g4 Qb5 25.
Qxb5 cxb5 26. Bc3 Nc5 27. Red4 Rxd4 28. Rxd4 Na4 29. Ba5 b6 30. Bb4 Kb7 31. Rd7+ Kc6 32. Rxa7 f5 33. Rxg7 fxg4 34. Rxg4 Nc5 35. Rg6 Rf8 36.
Rxh6 Rxf2 37. Bxc5 bxc5 38. Rxe6+ Kd5 39. Rg6 Rh2 40.
h6 b4 41. a4 c4 42. Kc1 c3 43. bxc3 bxc3 44. Kb1 Kc4 45. a5 Kb4 46. Rb6+ Kxa5 47. Rb3 Rxh6 48. Rxc3 Kb5 49. Kb2 Kb6 50. Rb3+ Kc7 51. Rc3+ Kb7 52. Rb3+ Kc7 53. c4 Rg6 54. Kc3 Rh6 55. Kb4 Rg6 56. Rh3 Rf6 57. Rh5 Rg6 58. Kb5 Rf6 59. Rh7+ Kc8 60. Ra7 Rg6 61. Ra6 Rxa6 62.
Kxa6 Kc7 63. Kb5 Kb7 64. Kc5 Kc7 65. Kd5 Kd7 66. c5 Kc7 67. c6 Kc8 68. Kc5 Kc7 69. Kb5 Kc8 70. Kc5 Kc7 71. Kd5 Kc8 72. Kd6 Kd8 73.
c7+ Kc8 74. Kc6 1/2-1/2

[Event "*** Titled Tuesday 3|2 Blitz"]
[Site "Chess.com"]
[Date "2016.06.07"]
[Round "1"]
[White "Iuri_Shkuro"]
[Black "saraswathii"]
[Result "1-0"]
[WhiteElo "2392"]
[BlackElo "1941"]
[TimeControl "180+2"]
[EndTime "11:10:34 PDT"]
[Termination "Iuri_Shkuro won by resignation"]

1. e4 c5 2. Nc3 e6 3. f4 d5 4. exd5 exd5 5. Bb5+ Nc6 6. Nf3 Nf6 7. O-O Be7 8. Ne5 Qc7 9. Bxc6+ bxc6 10. d3 O-O 11. Qf3 Bd6 12. Kh1 Bxe5 13. fxe5 Qxe5 14.
Bf4 Qf5 15. Bd6 Qxf3 16. Rxf3 Re8 17. Bxc5 Bg4 18. Rff1 Re6 19. Rae1 a6 20. h3 Bh5 21. Rxe6 fxe6 22. Re1 Re8 23. Bd6 Nd7 24. d4 Bg6 25. Re2 Nf6 26. Kg1 Ne4 27. Nxe4 Bxe4 28. Rf2 Rd8 29.
Be7 Re8 30. Bc5 h6 31. c3 e5 32. dxe5 Rxe5 33. Bd4 Rg5 34. Kh2 h5 35. b4 Kh7 36. a3 Rg6 37. g3 h4 38. g4 Re6 39.
Rf7 Bg6 40. Rxg7+ Kh6 41. Rg8 Re2+ 42. Kg1 Be4 43. Kf1 Rh2 44. g5+ Kh5 45. g6 Bxg6 46.
Be3 Rxh3 47. Kf2 Rh2+ 48. Kf3 Be4+ 49. Kf4 Rh1 50. Ke5 h3 51. Rg5+ Kh4 52. Rg7 Re1 53.
Bf2+ Kh5 54. Bxe1 h2 55. Rg8 h1=Q 56. Rh8+ Kg4 57. Rxh1 Bxh1 58. Bf2 Kf3 59. Bd4 Ke2 60. Kd6 Kd3 61. Kxc6 Kc2 62. Kb6 Kb3 63. Kxa6 Kxa3 64. b5 1-0

[Event "*** Titled Tuesday 3|2 Blitz"]
[Site "Chess.com"]
[Date "2016.06.07"]
[Round "1"]
[White "matej2221"]
[Black "norwaytoadog"]
[Result "1-0"]
[WhiteElo "2440"]
[BlackElo "2045"]
[TimeControl "180+2"]
[EndTime "11:10:38 PDT"]
[Termination "matej2221 won on time"]

1. e4 e5 2. Nf3 Nc6 3. d4 exd4 4.
Nxd4 Nf6 5. Nc3 Bc5 6. Nxc6 bxc6 7. Bd3 O-O 8. O-O d6 9. Bg5 h6 10. Bh4 Rb8 11. Rb1 Bd4 12. Qd2 Qe8 13. Rfe1 Nd7 14. b3 Bf6 15. Bxf6 Nxf6 16. Qe3 a5 17. h3 Be6 18. e5 Nd5 19. Nxd5 Bxd5 20. c4 Be6 21. Qe4 g6 22. exd6 cxd6 23. Qf4 Qd7 24. Qxh6 Bf5 25. Rbd1 Rfe8 26. Qd2 a4 27. bxa4 Bxd3 28. Rxe8+ Rxe8 29. Qxd3 Qa7 30. Qxd6 Re2 31. Qd8+ Kh7 32. Qh4+ Kg7 33. Qd4+ Qxd4 34. Rxd4 Rxa2 35. Rd6 c5 36. Rc6 Rxa4 37. Rxc5 Ra1+ 38. Kh2 Rc1 39. Kg3 Rc3+ 40. f3 Rc2 41. h4 Kf6 42. Rc8 Kg7 43. c5 Kf6 44. Kh3 Rc3 45. c6 Kg7 46. Kg4 Rc4+ 47. Kg3 Rc3 48. c7 Rc4 49. Kf2 Rc2+ 50. Ke3 Rc5 51. g4 Kh7 52.
Kd4 Rc6 53. Kd5 Rc3 54. Ke5 Kg7 55. h5 gxh5 56. gxh5 Kh7 57. f4 Rc4 58. f5 Kg7 59.
h6+ Kh7 60. Kf6 Rc6+ 61. Kxf7 Rc5 62. Ke7 Rc6 63. f6 Rc5 64. f7 Rc6 65. f8=Q 1-0

[Event "*** Titled Tuesday 3|2 Blitz"]
[Site "Chess.com"]
[Date "2016.06.07"]
[Round "1"]
[White "petrpalachev"]
[Black "rdclayton"]
[Result "0-1"]
[WhiteElo "2408"]
[BlackElo "2045"]
[TimeControl "180+2"]
[EndTime "11:10:50 PDT"]
[Termination "rdclayton won by resignation"]

1. d4 Nf6 2. c4 e6 3. Nf3 Be7 4. Nc3 O-O 5. e4 d5 6. e5 Ne4 7. Bd3 Nxc3 8. bxc3 dxc4 9. Bxc4 c5 10.
O-O cxd4 11. cxd4 Nc6 12. a4 b6 13. d5 Na5 14. Ba2 exd5 15. Bxd5 Bb7 16. Bxb7 Nxb7 17. Qe2 Nc5 18. Rd1 Qc7 19. Bg5 Bxg5 20. Nxg5 h6 21.
Nf3 Rfd8 22. h3 Rxd1+ 23. Qxd1 Rd8 24. Qe1 Re8 25. a5 Nd3 26. Qe4 Nxe5 27. Nd4 Qc8 28.
axb6 axb6 29. Nf5 Ng6 30. Qg4 Qc5 31. h4 Qe5 32. Rb1 Qe4 33. Qxe4 Rxe4 34. g3 Re6 35. Nd4 Rf6 36. Re1 Kh7 37. Re8 h5 38. Kg2 Rd6 39. Nf3 f6 40. Ng1 Rd7 41. Rb8 Rd6 42. Ne2 Ne5 43. Nf4 g6 44. Rb7+ Kh6 45. Kh2 Ng4+ 46.
Kg2 Rd2 47. Nh3 Rb2 48. Rb8 b5 49. Kf3 b4 50. Rb7 b3 51. Kg2 Rb1 52. Nf4 b2 53. Rb6 Ne5 54. Rb4 g5 55. hxg5+ fxg5 56. Rb6+ Kh7 57.
Nxh5 Nc4 58. Nf6+ Kg7 59. Nh5+ Kf7 60. Rb4 Rc1 61. Kf3 b1=Q 62. Rxb1 Rxb1 63. Kg4 Rf1 64.
f4 gxf4 65. Nxf4 Ne3+ 66. Kg5 Rf3 67. Nh5 Nf1 68. Kg4 Nh2+ 69. Kg5 Nf1 70. Kg4 Ra3 71.
Kg5 Nxg3 72. Nf4 Ra5+ 73. Kg4 Ne4 74. Nd3 Kf6 75. Kf4 Ng5 76. Kg4 Ra4+ 77. Kh5 Kf5 78.
Kh6 Ra7 0-1

[Event "*** Titled Tuesday 3|2 Blitz"]
[Site "Chess.com"]
[Date "2016.06.07"]
[Round "1"]
[White "flavettes"]
[Black "andretta"]
[Result "1/2-1/2"]
[WhiteElo "2493"]
[BlackElo "2170"]
[TimeControl "180+2"]
[EndTime "11:11:25 PDT"]
[Termination "Game drawn - insufficient material"]

1. d4 d5 2. Nf3 e6 3. c4 dxc4 4. Nc3 Nf6 5. e3 c5 6. Bxc4 Nc6 7. a3 a6 8. O-O cxd4 9. exd4 Be7 10. Ba2 O-O 11.
Re1 b5 12. d5 exd5 13. Nxd5 Be6 14. Nxe7+ Qxe7 15. Bxe6 fxe6 16. Qe2 e5 17. Nxe5 Qxe5 18. Qxe5 Nxe5 19. Rxe5 Ng4 20. Re2 Rae8 21. Be3 Nxf2 22. h3 Ne4 23. Ree1 Ng3 24. Bc5 Rxe1+ 25. Rxe1 Rf6 26.
Re7 h6 27. Bd4 Rf1+ 28. Kh2 Nf5 29. Re4 Nxd4 30. Rxd4 Rf6 31. Kg3 Kf7 32. h4 Ke6 33. Kg4 Rf2 34. Rb4 Rxg2+ 35. Kf3 Rg1 36. a4 bxa4 37.
Rxa4 Rh1 38. Rxa6+ Kf7 39. Kg4 Rg1+ 40. Kh5 Rb1 41. Rb6 Kg8 42. Rb7 Kh7 43. Kg4 Rg1+ 44. Kh3 Rh1+ 45. Kg3 Rg1+ 46. Kh2 Rg4 47. Kh3 Rc4 48.
b4 Rc3+ 49. Kg2 Rc2+ 50. Kg3 Rc3+ 51. Kg4 Rc4+ 52. Kg3 Rc3+ 53. Kg2 Rc2+ 54. Kf3 Rc3+ 55. Kf2 Rc2+ 56. Ke3 Rc4 57. h5 Rh4 58. Rb5 Rh3+ 59. Kf4 Rh4+ 60. Kg3 Rc4 61. Rb7 Rc3+ 62. Kf2 Rh3 63.
Rb5 Rh2+ 64. Ke3 g5 65. hxg6+ Kxg6 66. Rb8 Rh3+ 67. Kf4 Rh1 68. b5 Rf1+ 69. Kg3 Rg1+ 70. Kh2 Rb1 71. b6 Kh5 72. Kg3 Rb3+ 73. Kf4 Rb4+ 74.
Kf5 Kh4 75. Ke5 h5 76. Kd5 Kh3 77. Kc5 Rb1 78. Rd8 h4 79. Kc6 Kh2 80. b7 h3 81.
Rd5 Rxb7 82. Kxb7 Kg1 83. Rh5 h2 84. Rxh2 Kxh2 1/2-1/2

[Event "*** Titled Tuesday 3|2 Blitz"]
[Site "Chess.com"]
[Date "2016.06.07"]
[Round "1"]
[White "rookoco"]
[Black "Makalexa"]
[Result "0-1"]
[WhiteElo "2462"]
[BlackElo "2173"]
[TimeControl "180+2"]
[EndTime "11:12:28 PDT"]
[Termination "Makalexa won by resignation"]

1. d4 Nf6 2. c4 g6 3. Nf3 Bg7 4. g3 O-O 5. Bg2 c5 6. O-O Nc6 7. dxc5 Qa5 8. Nbd2 Qxc5 9. a3 d5 10. b4 Qd6 11. Bb2 dxc4 12. Nxc4 Qxd1 13. Rfxd1 Be6 14. Rac1 Rac8 15. b5 Bxc4 16. Rxc4 Na5 17. Rxc8 Rxc8 18. Ne1 b6 19. Rc1 Rxc1 20. Bxc1 Nd7 21. Nd3 Bd4 22. Bc6 Nc5 23. Nb4 Nc4 24. Bd5 Na5 25. Kg2 e6 26. Ba8 Kf8 27. Bf4 e5 28. Bg5 Bb2 29.
Nd5 Bxa3 30. Be7+ Kg8 31. Nf6+ Kg7 32. Ng4 e4 33. Nf6 Nc4 34. Bd5 Ne5 35. Nxe4 Nxe4 36. Bxa3 Nc5 37. Bb2 f6 38. f4 Nf7 39. e4 Nd6 40. e5 Nxb5 41. exf6+ Kf8 42. Be5 Nd7 43. Kf3 a5 44. Ke4 Nc5+ 45. Ke3 a4 46. Bc6 Na3 47.
Kd4 Nc2+ 48. Kc3 Ne3 49. Bc7 a3 50. Bxb6 Nd5+ 51. Bxd5 Na4+ 52. Kb4 Nxb6 53. Ba2 Nd7 54. f7 Nf6 55. Kxa3 Ng4 56. h3 Nf2 57. Be6 Ke7 58.
Kb4 Ne4 59. g4 Nf2 60. h4 Nd3+ 61. Kc3 Nxf4 62. Bc4 Ng2 63. Kd4 Nxh4 64. Ke4 g5 65. Bd5 Kf8 66. Ke5 Ke7 67. Ba2 h6 68. Bd5 Ng6+ 69. Kf5 Nh4+ 70. Ke4 Ng6 71. Bb3 Nh4 72. Bc4 Ng6 73. Kf5 Nh4+ 74. Ke4 Ng6 75. Kf5 Nh4+ 76. Ke4 Ng6 77. Kf5 Nh4+ 78. Ke5 Ng6+ 79. Kd4 Nh8 80. Ke4 Nxf7 81. Bb3 Kf6 82. Ba2 Ne5 83. Bb3 Nxg4 84. Kf3 Ne5+ 85. Kg2 h5 86. Bd1 g4 87. Be2 Kg5 88.
Bd1 h4 89. Be2 Kf4 90. Bd1 Nf3 91. Kf2 Ng5 92. Kg2 Nf3 93. Kf2 h3 94. Be2 g3+ 0-1

[Event "*** Titled Tuesday 3|2 Blitz"]
[Site "Chess.com"]
[Date "2016.06.07"]
[Round "1"]
[White "ChessWarrior7197"]
[Black "lukas_111111"]
[Result "1/2-1/2"]
[WhiteElo "2517"]
[BlackElo "2215"]
[TimeControl "180+2"]
[EndTime "11:13:19 PDT"]
[Termination "Game drawn by repetition"]

1. d4 Nf6 2. Bf4 g6 3. Nd2 Bg7 4. e4 O-O 5. Ngf3 d5 6. e5 Ne4 7.
Bd3 Nxd2 8. Qxd2 c5 9. c3 Nc6 10. h3 cxd4 11. cxd4 Qb6 12. Bb1 Bd7 13. O-O Rac8 14.
Rd1 Qb4 15. Bd3 Qxd2 16. Bxd2 f6 17. exf6 Bxf6 18. Bc3 a6 19. Re1 b5 20. a3 e6 21. g3 Rb8 22. b4 Rbc8 23. Kg2 Na5 24. Bb2 Nc4 25. Bc1 Bg7 26. Bf4 Nb2 27. Bb1 Rc3 28. Ne5 Bc8 29. Ba2 Nd3 30. Nxd3 Rxd3 31. Be3 Bxd4 32. Bxd4 Rxd4 33. Re2 Bd7 34. Rc1 Rd3 35.
Rc7 Rf7 36. a4 bxa4 37. Ra7 Bb5 38. Ra8+ Kg7 39. Rc2 Rd1 40. g4 Bf1+ 41. Kh2 Rd3 42. g5 Rxh3+ 43. Kg1 Bc4 44. Bxc4 dxc4 45. Rxc4 Rh5 46.
Rxa6 Rxg5+ 47. Kf1 Rgf5 48. Rc2 Rf4 49. Rxa4 Rb7 50.
Rb2 h5 51. Kg2 Kf6 52. Kg3 g5 53. f3 h4+ 54. Kg2 Rb5 55. Rb3 Rbf5 56. Raa3 Rb5 57.
Ra4 Rd5 58. Ra2 Rb5 59. Rab2 e5 60. Kh3 Kf5 61. Kg2 g4 62. fxg4+ Kxg4 63. Kh2 e4 64.
Rg2+ Kf5 65. Rg8 Rf3 66. Rf8+ Kg4 67. Rg8+ Kf4 68. Rf8+ Kg4 69. Rg8+ Kf4 70. Rb2 e3 71.
Rf8+ Ke4 72. Re8+ Kd3 73. Rb3+ Kd2 74. Rb2+ Kd3 75. Rb3+ Kd4 76. Rb2 Rf2+ 77. Rxf2 exf2 78.
Kg2 Rf5 79. Kf1 h3 80. Rh8 Rf3 81. Rh4+ Kd5 82. Rh5+ Kc6 83. Rc5+ Kb6 84. Rh5 Kc6 85. Ra5 Kb6 86. Rh5 Kb7 87. Rh4 Kc6 88. Rh5 Kb6 89.
Ra5 Rf4 90. Rh5 Rf3 91. b5 Kb7 92. Rg5 Kb6 93. Rh5 Ka5 94. Rd5 Kb6 95. Rh5 1/2-1/2

[Event "*** Titled Tuesday 3|2 Blitz"]
[Site "Chess.com"]
[Date "2016.06.07"]
[Round "1"]
[White "iaraldinho"]
[Black "bilelou"]
[Result "1/2-1/2"]
[WhiteElo "2463"]
[BlackElo "2168"]
[TimeControl "180+2"]
[EndTime "11:13:23 PDT"]
[Termination "Game drawn - insufficient material"]

1. e4 c5 2. Nf3 d6 3. d4 cxd4 4. Nxd4 Nf6 5. Nc3 a6 6. Bg5 Nbd7 7. f4 Qc7 8. Qf3 g6 9. O-O-O b5 10. Bd3 Bb7 11.
Rhe1 Bg7 12. Nd5 Nxd5 13. exd5 Nf6 14. Nc6 Bxc6 15. dxc6 O-O 16. f5 Rac8 17. Kb1 Rfe8 18. Be4 Nxe4 19. Qxe4 e6 20. f6 Bf8 21. Bf4 Qxc6 22. Qe2 e5 23. Bg5 Re6 24. c3 d5 25.
Qd3 Rd8 26. h4 b4 27. c4 Red6 28. c5 Qxc5 29. h5 e4 30. Qh3 R8d7 31. Rf1 Qc7 32.
Bf4 Qc6 33. Bxd6 Qxd6 34. hxg6 fxg6 35. f7+ Kg7 36. Rh1 h5 37. Rhf1 Rxf7 38. Rxf7+ Kxf7 39. Qe3 Bg7 40. Qxe4 d4 41. Qa8 Bf6 42. Re1 d3 43. Qb7+ Kf8 44. Qc8+ Kg7 45. Qc4 d2 46. Rd1 Bg5 47. Kc2 h4 48. Rf1 Kh6 49. Qc8 Bf6 50.
Rd1 Qe5 51. Rxd2 Qxb2+ 52. Kd1 Qa1+ 53. Ke2 Qe5+ 54. Kd1 Qa1+ 55. Ke2 Qe5+ 56. Kf3 Qg3+ 57. Ke4 Qe5+ 58. Kd3 Qc3+ 59. Qxc3 bxc3 60. Re2 Kg5 61. Re6 Kf5 62. Rxa6 g5 63. Ra7 Kg6 64. Ra4 Kf5 65.
Ra7 Kg6 66. Rc7 Kf5 67. a4 g4 68. a5 Be5 69. Rc5 h3 70. gxh3 g3 71. Ke2 Ke4 72.
Kf1 Bd4 73. Rc8 Kf3 74. Rf8+ Ke3 75. a6 c2 76. Rc8 Kd2 77. Kg2 Bc3 78. a7 c1=Q 79.
a8=Q Qc2 80. Qd5+ Kc1+ 81. Kxg3 Be1+ 82. Kf3 Qxc8 83. Qg5+ Bd2 84. Qg4 Qc3+ 85. Ke4 Qe3+ 86. Kf5 Kb2 87. h4 Kc3 88. h5 Qe7 89. h6 Qf8+ 90. Ke4 Qe7+ 91. Kd5 Qd8+ 92. Ke6 Qb6+ 93.
Kf7 Bxh6 94. Qg6 Qc7+ 95. Kg8 Be3 96. Qg7+ Qxg7+ 97. Kxg7 1/2-1/2